 Dungeon Crawl Stone Soup version 0.30.1-11-g7821555f0a (webtiles) character file.

Game seed: 16543270702602791708

885 Maximfleer the Ruffian (level 8, 0/63 HPs)
             Began as a Ghoul Earth Elementalist on Dec 15, 2023.
             Slain by a black bear (2 damage)
             ... on level 5 of the Dungeon.
             The game lasted 00:28:07 (5006 turns).

Maximfleer the Ruffian (Ghoul Earth Elementalist)   Turns: 5006, Time: 00:28:08

Health: 0/63       AC: 11    Str: 14    XL:     8   Next: 5%
Magic:  10/10      EV:  8    Int: 10    God:
Gold:   152        SH:  0    Dex: 15    Spells: 10/11 levels left

rFire   . . .        y - +5 dagger (vamp)
rCold   + . .        (no shield)
rNeg    + + +        n - +0 chain mail
rPois   ∞            x - +1 helmet
rElec   .            (no cloak)
rCorr   .            (no gloves)
SInv    .            (no boots)
Will    .....        p - amulet of magic regeneration Stlth
                     l - +6 ring of dexterity
HPRegen 0.00/turn    (no ring)
MPRegen 0.52/turn

%: no passive effects
@: brilliant, flying, inhibited regen
A: claws 1, cold resistance 1, negative energy resistance 3, inhibited
regeneration, torment resistance 2, devour on kill
a: no special abilities


You were on level 5 of the Dungeon.
You visited 1 branch of the dungeon, and saw 5 of its levels.

You collected 152 gold pieces.

Inventory:

Hand Weapons
 f - a +1 dagger of draining
 h - a +0 whip of flaming
 o - a +0 spear
 y - a +5 vampiric dagger (weapon)
 z - a +0 dagger
 A - a +2 mace of protection
Missiles
 d - 23 stones
 m - 3 boomerangs
 t - 6 javelins
 w - 3 poisoned darts
Armour
 a - a +0 robe
 e - a +0 ring mail
 n - a +0 chain mail (worn)
 x - a +1 helmet (worn)
Jewellery
 l - a +6 ring of dexterity (left claw)
 p - an amulet of magic regeneration (around neck)
Wands
 i - a wand of flame (11)
Scrolls
 c - a scroll of immolation {unknown}
 s - 2 scrolls of amnesia {unknown}
Potions
 b - a potion of magic
 j - a potion of might {unknown}
 u - a potion of curing {unknown}
 v - a potion of cancellation


   Skills:
 + Level 3.3 Fighting
 + Level 2.4 Short Blades
 + Level 4.1 Armour
 + Level 3.2 Dodging
 + Level 2.4 Stealth
 + Level 4.6 Unarmed Combat
 + Level 2.0 Spellcasting
 + Level 0.8 Transmutations
 + Level 3.9 Earth Magic


You had 10 spell levels left.
You knew the following spells:

 Your Spells              Type           Power      Damage    Failure   Level
a - Sandblast             Erth           26%        2d8       67%         1

Your spell library contained the following spells:

 Spells                   Type           Power      Damage    Failure   Level
 Passwall                 Tmut/Erth      6%         N/A       95%         2
 Stone Arrow              Conj/Erth      14%        3d7       99%         3
 Cigotuvi's Dreadful Rot  Necr/Pois/Air  2%         N/A       100%        2
 Gell's Gravitas          Tloc           1%         N/A       100%        3
 Ignite Poison            Fire/Tmut/Pois 2%         N/A       100%        3
 Teleport Other           Tloc           1%         N/A       100%        3
 Dispel Undead            Necr           1%         3d6       100%        4
 Petrify                  Tmut/Erth      8%         N/A       100%        4
 Freezing Cloud           Conj/Ice/Air   0%         6-21      100%        5
 Death Channel            Necr           0%         N/A       100%        6
 Dispersal                Tloc           0%         N/A       100%        6


Dungeon Overview and Level Annotations

Branches:
Dungeon (5/15)
 Temple: D:4-7

Altars:
Fedhas
Kikubaaqudgha


Innate Abilities, Weirdness & Mutations

You are immune to poison.
You have sharp fingernails.
Your flesh is cold resistant. (rC+)
You are immune to negative energy. (rN+++)
You do not regenerate when monsters are visible.
You are immune to unholy pain and torment.
You thrive by killing the living.


Message History

The adder is heavily wounded.
The adder bites you but does no damage. The orc hits you but does no damage.
The black bear barely misses you.
The black bear claws you but does no damage.
The black bear claws you.
* * * LOW HITPOINT WARNING * * *
You hit the adder.
You feel better.
The adder is almost dead.
The adder barely misses you.
The orc hits you with a +0 mace of holy wrath.
* * * LOW HITPOINT WARNING * * *
You convulse.
* * * LOW HITPOINT WARNING * * *
The orc barely misses you.
The black bear bites you but does no damage.
The black bear closely misses you. The black bear claws you.
* * * LOW HITPOINT WARNING * * *
You hit the adder.
You kill the adder!
You feel better. The orc hits you with a +0 club.
* * * LOW HITPOINT WARNING * * *
The orc hits you but does no damage.
The black bear bites you but does no damage.
The black bear claws you but does no damage.
The black bear barely misses you.
You hit the orc but do no damage. The orc hits you but does no damage.
The orc barely misses you. The orc closely misses you.
The black bear closely misses you. x2; The black bear barely misses you.
You closely miss the orc. Your claw misses the orc.
The orc completely misses you. The orc closely misses you.
The orc hits you but does no damage.
The black bear bites you but does no damage.
The black bear claws you but does no damage.
The black bear barely misses you.
You closely miss the orc. The orc hits you but does no damage.
The orc hits you with a +0 club.
* * * LOW HITPOINT WARNING * * *
The orc hits you but does no damage. The black bear barely misses you.
The black bear claws you.
You die...

...o.....# .......#
.....# #...#
##..####+#######...##
#........#..........+
#........#......o...#
........#....ooho†.#
#...##.##...##@oo.###
###...##.##########...#
...............######.###
......<........##.......#
...>..............##.##.#
.##...##....##.##.#...#.#
#....####.#...#.......#
#....# #.......#...#.#
#...#####.#...#..#.##.##


You could see a black bear and 6 orcs.

Vanquished Creatures
  Pikel (D:4)
  An ice beast (D:4)
  2 scorpions (D:4)
  A hound (D:5)
  An iguana (D:5)
  Robin (D:4)
  A gnoll (D:3)
  8 adders
  An ufetubus (D:4)
  A worm (D:2)
  5 orcs
  5 endoplasms
  2 giant cockroaches
  14 goblins
  14 hobgoblins
  8 jackals
  6 quokkas
  6 ball pythons
  5 bats
  2 frilled lizards
  6 kobolds
  4 rats
95 creatures vanquished.

Notes
Turn   | Place    | Note
-------+----------+-------------------------------------------
     0 | D:1      | Maximfleer the Ghoul Earth Elementalist began the quest for
                  | the Orb.
     0 | D:1      | Reached XP level 1. HP: 14/14 MP: 2/2
   136 | D:1      | Found a faded altar of an unknown god.
   186 | D:1      | Reached XP level 2. HP: 20/20 MP: 3/3
   730 | D:1      | Reached skill level 1 in Unarmed Combat
   730 | D:1      | Reached XP level 3. HP: 18/26 MP: 4/4
   929 | D:2      | You fall into a shaft and drop 1 floor!
  1469 | D:2      | Reached skill level 1 in Armour
  1763 | D:3      | Reached XP level 4. HP: 34/34 MP: 5/5
  1952 | D:3      | Reached skill level 1 in Fighting
  2468 | D:3      | Reached XP level 5. HP: 21/40 MP: 6/6
  2602 | D:4      | Noticed Robin
  2610 | D:4      | Killed Robin
  2770 | D:4      | Noticed an ice beast
  2805 | D:4      | Killed an ice beast
  2806 | D:4      | Reached XP level 6. HP: 28/48 MP: 7/7
  3461 | D:4      | Found a blossoming altar of Fedhas.
  3466 | D:4      | Found an ancient bone altar of Kikubaaqudgha.
  3588 | D:4      | Noticed Pikel
  4513 | D:4      | Killed Pikel
  4514 | D:4      | Reached XP level 7. HP: 28/57 MP: 7/9
  4870 | D:5      | Entered Level 5 of the Dungeon
  4988 | D:5      | Reached XP level 8. HP: 54/63 MP: 10/10
  5000 | D:5      | HP: 3/63 [orc/+0 club (1)]
  5006 | D:5      | HP: 2/63 [orc/+0 club (1)]
  5006 | D:5      | Slain by a black bear

Illustrated notes

Levels and vault maps discovered:
D:1:      ebering_trefoil_3fold, layout_loops_ring,
          ebering_ecumenical_altar_hall
D:2:      layout_loops_ring
D:3:      layout_basic, minmay_quantized
D:4:      layout_loops_corners, grunt_temple_overflow_growth_and_decay,
          minmay_surrounded, uniq_pikel, uniq_robin
D:5:      layout_gridville, yredelemnul_altar_generic,
          mainiacjoe_overflow_catwalk, mainiacjoe_overflow_brackets,
          hangedman_decor_clover_reticule, uniq_sigmund

Skill      XL: |  1  2  3  4  5  6 |
---------------+-------------------+-----
Dodging        | 2 3 |  3.2
Unarmed Combat | 1 2 3 4 |  4.6
Armour         | 1 2 4 |  4.1
Fighting       | 1 3 |  3.3
Short Blades   | 2 |  2.4
Spellcasting   | 2 |  2.0
Stealth        | |  2.4
Transmutations | |  0.8
Earth Magic    | |  3.9

Action                     |  1- 3 |  4- 6 |  7- 9 || total
---------------------------+-------+-------+-------++-------
  Melee: Unarmed           |   193 |   189 |       ||   382
         Punch             |     3 |     5 |     1 ||     9
         Dagger            |       |    73 |    27 ||   100
   Cast: Sandblast         |       |     3 |       ||     3
  Evoke: Wand              |       |       |     1 ||     1
    Use: Potion            |       |     2 |     2 ||     4
         Scroll            |       |     8 |       ||     8
   Stab: Sleeping          |     1 |     1 |       ||     2
 Armour: Robe              |     2 |       |       ||     2
         Ring mail         |    85 |    70 |       ||   155
         Chain mail        |       |    23 |    78 ||   101
  Dodge: Dodged            |   158 |   120 |    39 ||   317
